 Dungeon Crawl Stone Soup version 0.30.1-11-g7821555f0a (webtiles) character file.

Game seed: 123834598035462443

182 SacredBeard the Grave Robber (level 5, -2/37 HPs)
             Began as a Demonspawn Necromancer on Nov 5, 2023.
             Slain by a kobold brigand
             ... wielding a +0 short sword
              (9 damage)
             ... in a sewer on Nov 6, 2023.
             The game lasted 00:05:54 (2176 turns).

SacredBeard the Grave Robber (DsNe)                 Turns: 2176, Time: 00:05:55

Health: -2/37      AC:  4    Str:  9    XL:     5   Next: 34%
Magic:  0/9        EV: 12    Int: 16    God:
Gold:   118        SH:  4    Dex: 15    Spells: 8/9 levels left

rFire   . . .        o - +0 dagger
rCold   . . .        (no shield)
rNeg    + . .        a - +0 robe
rPois   .            (no helmet)
rElec   .            (no cloak)
rCorr   .            m - +0 pair of gloves
SInv    .            l - +0 pair of boots
Will    .....        (no amulet)
Stlth   ++           h - ring of positive energy
HPRegen 0.26/turn    (no ring)
MPRegen 0.11/turn

%: no passive effects
@: lethally poisoned (-2 -> -5), attractive, invisible
A: demonic guardian 1, condensation shield
a: no special abilities


You were in a sewer.
You visited 1 branch of the dungeon, and saw 3 of its levels.
You also visited: Sewer.

You collected 118 gold pieces.

Inventory:

Hand Weapons
 o - a +0 dagger (weapon)
Missiles
 e - 31 stones
Armour
 a - a +0 robe (worn)
 k - a +0 plate armour
 l - a +0 pair of boots (worn)
 m - a +0 pair of gloves (worn)
Jewellery
 h - a ring of positive energy (left hand)
Scrolls
 f - a scroll of amnesia {unknown}
 g - a scroll of torment {unknown}
 j - a scroll of teleportation {unknown}
 n - a scroll of immolation {unknown}
Potions
 b - a potion of magic
 c - a potion of attraction


   Skills:
 + Level 1.6 Fighting
 + Level 1.3 Throwing
 + Level 1.4 Armour
 - Level 2.0 Dodging
 + Level 2.5 Stealth
 + Level 2.6 Spellcasting
 * Level 5.4 Necromancy


You had 8 spell levels left.
You knew the following spells:

 Your Spells              Type           Power      Damage    Failure   Level
a - Necrotise             Necr           76%        1d7       1%          1

Your spell library contained the following spells:

 Spells                   Type           Power      Damage    Failure   Level
 Vampiric Draining        Necr           19%        2d7       6%          3
 Apportation              Tloc           4%         N/A       19%         1
 Animate Dead             Necr           19%        N/A       21%         4
 Agony                    Necr           19%        N/A       50%         5
 Alistair's Intoxication  Tmut/Pois      1%         N/A       99%         5


Dungeon Overview and Level Annotations

Branches:
Dungeon (3/15) Zot: 16026   Sewer (1/1) Zot: 5758

Altars:


Innate Abilities, Weirdness & Mutations

A weak demonic guardian rushes to your aid.
A meltable shield of frost defends you. (SH +4)


Message History

Confirm with . or Enter, or press ? or * to list all spells.
Aiming: Necrotise (safe; 2% risk of failure)
Press: ? - help, Shift-Dir - straight line, f/p - kobold brigand
Aim: a kobold brigand, wielding a +0 dagger and quivering poisoned darts (severely wounded, chance to affect: 76%)
The kobold brigand writhes in agony.
The kobold brigand completely misses you.
You hit the kobold brigand but do no damage.
The kobold brigand is almost dead.
The kobold brigand splashes around in the water.
The kobold brigand throws a poisoned dart.
The poisoned dart hits you!
You are poisoned.
You hit the kobold brigand.
The kobold brigand is almost dead.
You feel very sick.
The kobold brigand hits you with a +0 dagger!
You miss the kobold brigand. Your punch misses the kobold brigand.
The kobold brigand is almost dead.
You feel sick. The kobold brigand barely misses you.
Casting: Necrotise (safe; 2% risk of failure)
Confirm with . or Enter, or press ? or * to list all spells.
Aiming: Necrotise (safe; 2% risk of failure)
Press: ? - help, Shift-Dir - straight line, f/p - kobold brigand
Aim: a kobold brigand, wielding a +0 dagger and quivering poisoned darts (almost dead, chance to affect: 76%)
The kobold brigand writhes in agony!
You kill the kobold brigand!
You hear a splash. x2
The dead are walking!
You feel sick.
The kobold brigand hits you with a +0 short sword.
* * * LOW HITPOINT WARNING * * *
You have reached level 5!
It was a potion of attraction.
You feel attractive to monsters.
You feel sick.
The kobold brigand splashes around in the water.
It was a potion of invisibility.
You fade into invisibility!
You feel sick.
The kobold brigand hits you with a +0 short sword!
You die...

##~~~## #~~~# #.~~# #.~~##
### #....## .K~~~#####
#..~~.#####
#~~~~~########..~.~..~~
K~~~.###)KZ~~.~####.~~.~~.
### #~@~~~~~.# ##~.~~..
#~~..~.~~####.~~~.~
#.~~~~####..~.##.~.~~~.
~~##### ##~...~....~~~
##.~~~.~~.... #.~....~....
#~~.~~~.∩.∩. #~~~~~......
#.~..~......


You could see a kobold brigand (unable to see you, ally target) and a friendly
kobold brigand skeleton.

Vanquished Creatures
  A kobold brigand (Sewer)
  3 adders (D:2)
  4 dart slugs (D:1)
  9 endoplasms
  4 goblins
  5 hobgoblins
  3 quokkas
  3 ball pythons
  4 bats
  2 frilled lizards
  3 kobolds
  5 rats
46 creatures vanquished.

Vanquished Creatures (collateral kills)
  Jessica (D:2)
  An endoplasm (D:3)
  A goblin (D:2)
3 creatures vanquished.

Grand Total: 49 creatures vanquished

Notes
Turn   | Place    | Note
-------+----------+-------------------------------------------
     0 | D:1      | SacredBeard the Demonspawn Necromancer began the quest for
                  | the Orb.
     0 | D:1      | Reached XP level 1. HP: 13/13 MP: 3/3
   180 | D:1      | Gained mutation: A meltable shield of frost defends you.
                  | (SH +4) [demonic ancestry]
   180 | D:1      | Reached XP level 2. HP: 19/19 MP: 0/5
   981 | D:2      | Gained mutation: A weak demonic guardian rushes to your
                  | aid. [demonic ancestry]
   981 | D:2      | Reached XP level 3. HP: 25/25 MP: 2/6
  1482 | D:2      | Noticed Jessica
  1494 | D:2      | Reached skill level 1 in Fighting
  1500 | D:2      | Killed Jessica
  1501 | D:2      | Reached skill level 1 in Throwing
  1501 | D:2      | Reached skill level 1 in Armour
  1501 | D:2      | Reached skill level 5 in Necromancy
  1501 | D:2      | Reached XP level 4. HP: 5/32 MP: 5/7
  1957 | D:3      | Found a glowing drain.
  1961 | Sewer    | Entered a sewer
  2156 | Sewer    | Noticed a kobold brigand
  2156 | Sewer    | Noticed a kobold brigand
  2174 | Sewer    | Killed a kobold brigand
  2175 | Sewer    | Reached XP level 5. HP: 8/37 MP: 0/9
  2176 | Sewer    | Slain by a kobold brigand

Illustrated notes

Levels and vault maps discovered:
D:1:      roderic_crossed_star, layout_basic
D:2:      minmay_alternating_diamond, layout_rooms, grunt_ministairs_12,
          st_stairs_10, minmay_misc_feat_ornament, uniq_jessica
D:3:      layout_basic, nicolae_vehumet_radiance, gup_sewer_entry_bowl,
          serial_shops, nicolae_shop_bloodbath_and_beyond, nicolae_diamond_shop,
          nicolae_shop_back_alley_shop, nicolae_shop_crystal,
          nicolae_shop_tiny_glass, wad_floor_pattern_untrapped, uniq_robin
Sewer:    sewer_co_tree

Skill      XL: |  1  2  3 |
---------------+----------+-----
Stealth        | 2 |  2.5
Dodging        | 2 |  2.0
Fighting       | 1 |  1.6
Throwing       | 1 |  1.3
Armour         | 1 |  1.4
Necromancy     | 5 |  5.4
Spellcasting   | |  2.6

Action                     |  1- 3 |  4- 6 || total
---------------------------+-------+-------++-------
  Melee: Club              |    35 |       ||    35
         Dagger            |       |    17 ||    17
   Cast: Necrotise         |    60 |    33 ||    93
    Use: Potion            |       |     2 ||     2
 Armour: Robe              |    10 |     3 ||    13
  Dodge: Dodged            |    35 |    14 ||    49
  Block: Other             |     8 |     2 ||    10
